 Dungeon Crawl Stone Soup version 0.29.0-11-gd7f09526c8 (webtiles) character file.

Game seed: 3073490599781580552

122 pacmanke6689 the Digger (level 4, -3/24 HPs)
             Began as a Deep Elf Earth Elementalist on Sept 4, 2022.
             Slain by Edmund
             ... wielding a +1 dire flail of holy wrath
              (20 damage)
             ... on level 4 of the Dungeon.
             The game lasted 00:10:40 (2709 turns).

pacmanke6689 the Digger (DEEE)                      Turns: 2709, Time: 00:10:41

Health: -3/24      AC:  7    Str:  5    XL:     4   Next: 78%
Magic:  2/12       EV: 11    Int: 22    God:
Gold:   144        SH:  0    Dex: 15    Spells: 8/12 levels left

rFire   . . .      SeeInvis .   u - +0 rapier
rCold   . . .      Faith    .   (no shield)
rNeg    . . .      Spirit   .   q - +0 acid dragon scales
rPois   .          Reflect  .   (no helmet)
rElec   .          Harm     .   (no cloak)
rCorr   +          Rampage  .   (no gloves)
Will    .....                   m - +0 pair of boots
Stlth   ++........              (no amulet)
HPRegen 0.08/turn               (no ring)
MPRegen 0.13/turn               (no ring)

@: very slightly contaminated
A: no striking features
a: no special abilities


You were on level 4 of the Dungeon.
You visited 1 branch of the dungeon, and saw 4 of its levels.

You collected 144 gold pieces.

Inventory:

Hand Weapons
 o - a +0 dagger
 u - a +0 rapier (weapon)
Missiles
 v - a throwing net
Armour
 a - a +0 robe
 m - a +0 pair of boots (worn)
 q - +0 acid dragon scales (worn)
Jewellery
 f - a +6 ring of intelligence
 y - a +4 ring of evasion
Scrolls
 e - 4 scrolls of fear
 i - a scroll of amnesia
 j - 2 scrolls of immolation {unknown}
 k - a scroll of vulnerability {unknown}
 p - a scroll of teleportation {unknown}
 t - a scroll of butterflies {unknown}
 w - a scroll of blinking {unknown}
Potions
 b - a potion of magic
 c - 3 potions of brilliance {unknown}
 d - 2 potions of ambrosia
 g - a potion of flight
 l - 3 potions of curing
 n - a potion of might
 r - 2 potions of resistance
 s - a potion of mutation
 x - a potion of haste


   Skills:
 + Level 0.3 Short Blades
 + Level 2.6 Dodging
 + Level 2.8 Stealth
 + Level 4.8 Spellcasting
 + Level 1.1 Transmutations
 + Level 4.9 Earth Magic


You had 8 spell levels left.
You knew the following spells:

 Your Spells              Type           Power      Damage    Failure   Level
a - Sandblast             Erth           52%        2d12      3%          1
b - Stone Arrow           Conj/Erth      32%        3d9       26%         3

Your spell library contained the following spells:

 Spells                   Type           Power      Damage    Failure   Level
 Passwall                 Tmut/Erth      15%        N/A       10%         2
 Petrify                  Tmut/Erth      18%        N/A       54%         4


Dungeon Overview and Level Annotations

Branches:
Dungeon (4/15)
 Temple: D:4-7

Altars:

Shops:
D:1 *

Annotations:
D:4 Edmund


Message History

Casting: Stone Arrow (extremely dangerous; 26% risk of failure)
Confirm with . or Enter, or press ? or * to list all spells.
The spell is extremely dangerous to miscast (26% risk of failure)!
Continue anyway?
Aiming: Stone Arrow (extremely dangerous; 26% risk of failure)
Press: ? - help, Shift-Dir - straight line, f/p - Edmund
Aim: Edmund, wielding a +1 dire flail of holy wrath, wearing a +0 scale mail and carrying a wand of digging (5) (moderately wounded, 72% to hit)
The stone arrow hits Edmund!
Edmund is severely wounded.
Edmund drinks a potion.
Edmund goes berserk!
Casting: Stone Arrow (extremely dangerous; 26% risk of failure)
Confirm with . or Enter, or press ? or * to list all spells.
The spell is extremely dangerous to miscast (26% risk of failure)!
Continue anyway?
Aiming: Stone Arrow (extremely dangerous; 26% risk of failure)
Press: ? - help, Shift-Dir - straight line, f/p - Edmund
Aim: Edmund, wielding a +1 dire flail of holy wrath, wearing a +0 scale mail and carrying a wand of digging (5) (severely wounded, berserk, 72% to hit)
You miscast Stone Arrow.
You are very lightly contaminated with residual magic.
Nothing appears to happen.
Edmund rages.
Aiming: Sandblast (safe; 3% risk of failure)
Press: ? - help, Q - select action, (/) - cycle Shift-Dir - straight line, f/p - Edmund
Aim: Edmund, wielding a +1 dire flail of holy wrath, wearing a +0 scale mail and carrying a wand of digging (5) (severely wounded, berserk, 85% to hit)
The blast of sand hits Edmund but does no damage.
Edmund is severely wounded.
Edmund barely misses you.
Aiming: Sandblast (safe; 3% risk of failure)
Press: ? - help, Q - select action, (/) - cycle Shift-Dir - straight line, f/p - Edmund
Aim: Edmund, wielding a +1 dire flail of holy wrath, wearing a +0 scale mail and carrying a wand of digging (5) (severely wounded, berserk, 85% to hit)
The blast of sand hits Edmund.
Edmund is severely wounded.
Edmund hits you with a +1 dire flail of holy wrath.
Edmund closely misses you.
Edmund hits you with a +1 dire flail of holy wrath.
There is a stone staircase leading down here.
Edmund attacks as you move away! Edmund barely misses you.
Edmund rages.
Edmund closely misses you.
Edmund hits you with a +1 dire flail of holy wrath!!
Ouch! That really hurt!
You die...

...+ ...# #.# #### ...#
#.#. #..# ...# #.#. ...
...# #. #.##.#.. [..# #.
#.##.#.### ...# #. #.#
..... ####
######.##.####.#######.
#.........@@.>.........
#....#.##.####.........
#####
#....#.................
....#
#.......##.##..............
###.#
+...........#..#######+#...
#.# #...###.#.#.#..# #.#...
#.# #.. #.#.....#..# #.#...
#.# #####..........# #.#...
#.# #......###.#.# #.#...


You could see Edmund (berserk).

Vanquished Creatures
  3 gnolls (D:3)
  4 adders
  A worm (D:3)
  A dart slug (D:1)
  5 orcs (D:3)
  4 bats (D:2)
  2 giant cockroaches
  4 goblins
  10 hobgoblins
  2 jackals (D:2)
  A quokka (D:3)
  3 ball pythons
  5 kobolds
45 creatures vanquished.

Vanquished Creatures (others)
  4 toadstools (D:1)
4 creatures vanquished.

Grand Total: 49 creatures vanquished

Notes
Turn   | Place    | Note
-------+----------+-------------------------------------------
     0 | D:1      | pacmanke6689 the Deep Elf Earth Elementalist began the
                  | quest for the Orb.
     0 | D:1      | Reached XP level 1. HP: 10/10 MP: 6/6
   491 | D:1      | Found Walo's Assorted Antiques.
   707 | D:2      | Reached XP level 2. HP: 9/15 MP: 4/8
  1203 | D:2      | Reached XP level 3. HP: 19/19 MP: 8/10
  1633 | D:3      | Learned a level 3 spell: Stone Arrow
  1641 | D:3      | Reached XP level 4. HP: 24/24 MP: 2/12
  2697 | D:4      | Noticed Edmund
  2709 | D:4      | Slain by Edmund

Illustrated notes

Levels and vault maps discovered:
D:1:      ldierk_walled_garden_2, layout_rooms, serial_shops,
          nicolae_lakefront_shop, nicolae_kite_square_tiling_tiny
D:2:      layout_basic, kennysheep_donut, minmay_crystal_room,
          serial_bayou_crossing
D:3:      layout_rooms, corexii_shack, corner_web_ring
D:4:      layout_basic, uniq_edmund

Skill      XL: |  1  2  3 |
---------------+----------+-----
Earth Magic    | 4 |  4.9
Spellcasting   | 4 |  4.8
Short Blades   | |  0.3
Dodging        | |  2.6
Stealth        | |  2.8
Transmutations | |  1.1

Action                   |  1- 3 |  4- 6 || total
-------------------------+-------+-------++-------
Melee: Unarmed           |     2 |       ||     2
       Whip              |     2 |       ||     2
       Dagger            |    11 |       ||    11
       Rapier            |       |     4 ||     4
 Cast: Sandblast         |    39 |    16 ||    55
       Stone Arrow       |     1 |     5 ||     6
  Use: Scroll            |       |    10 ||    10
 Stab: Sleeping          |     3 |       ||     3
Armor: Robe              |     6 |       ||     6
       Acid dragon scale |       |     1 ||     1
Dodge: Dodged            |    18 |    11 ||    29
